 Dungeon Crawl Stone Soup version 0.22-b1-59-g0aedee7 (webtiles) character file.

18 MTVSty1e the Chopper (level 2, -4/19 HPs)
             Began as a Gargoyle Monk on Aug 9, 2018.
             Was a Follower of Okawaru.
             Slain by a worm (8 damage)
             ... on level 1 of the Dungeon.
             The game lasted 00:01:04 (856 turns).

MTVSty1e the Chopper (Gargoyle Monk)                 Turns: 856, Time: 00:01:05

Health: -4/19      AC:  7    Str: 14    XL:     2   Next: 70%
Magic:  2/2        EV: 11    Int: 10    God:    Okawaru [*.....]
Gold:   48         SH:  0    Dex: 12    Spells: 1/1 levels left

rFire    . . .     SeeInvis .   e - +0 spear (curse)
rCold    . . .     Gourm    .   (no shield)
rNeg     + . .     Faith    .   k - +0 ring mail
rPois    ∞         Spirit   .   (no helmet)
rElec    +         Reflect  .   (no cloak)
rCorr    .         Harm     .   (no gloves)
MR       .....                  (no boots)
Stlth    +.........             (no amulet)
HPRegen  0.06/turn              (no ring)
MPRegen  0.08/turn              (no ring)

@: flying
A: negative energy resistance 1, electricity resistance, unbreathing,
petrification resistance, rot immunity, AC +2
a: Heroism, Renounce Religion


You were on level 1 of the Dungeon.
You worshipped Okawaru.
Okawaru was aware of your devotion.
You were not hungry.

You visited 1 branch of the dungeon, and saw 1 of its levels.

You collected 48 gold pieces.

Inventory:

Hand Weapons
 a - a +0 hand axe
 e - a cursed +0 spear (weapon)
 f - a +2 falchion of electrocution
Armour
 b - a +0 robe
 k - a +0 ring mail (worn)
Potions
 g - a potion of flight
 j - a potion of berserk rage {unknown}
Comestibles
 c - 3 rations


   Skills:
 - Level 3.2 Fighting
 + Level 3.5 Axes
 - Level 2.4 Dodging
 - Level 2.1 Stealth


You had one spell level left.
You didn't know any spells.
Your spell library was empty.

Dungeon Overview and Level Annotations

Branches:
Dungeon (1/15)

Altars:
Okawaru


Innate Abilities, Weirdness & Mutations

You are resistant to torment.
Your stone body is resilient. (AC +2)
You are immune to poison.
You resist negative energy. (rN+)
You are resistant to electric shocks. (rElec)
You can survive without breathing.
You are immune to petrification.
You are immune to rotting.


Message History

A worm is nearby!
You are too injured to fight recklessly!
A worm is nearby!
You are too injured to fight recklessly!
You are too injured to fight recklessly!
You hit the worm but do no damage.
The worm is almost dead.
You hit the worm.
The worm is almost dead.
The worm bites you.
* * * LOW HITPOINT WARNING * * *
You barely miss the worm.
The worm is almost dead.
It was a potion of flight.
You feel very buoyant.
You fly up into the air.
The worm completely misses you.
You hit the worm.
The worm is almost dead.
The worm bites you!
You die...

#....#.#..............§ #####
######.##.#....#.##..#.).§ ....#
##.(.##.##.##.....##.##.._.
###.###.###.#.##<##.........#...)
#.....# #.#..#.#.....###.......
#####.###.####.###...# ##...###
########...## #.# #...# #....#.
........#.## #.# #...# ##.....
.....##.#.# ####@###...#####.....
.....##...###..#w#..............#
.....##.##.....#.#...............
.....##.##.##..#.#...............
...........#####?##......#####..#
.....##.##### ####....#.# #...
######.#....# #.......# ##.#
##.###.# #.......# #.# ###
#.######.......# #.#


You could see a worm.

Vanquished Creatures
  3 bats (D:1)
  A giant cockroach (D:1)
  3 goblins (D:1)
  A hobgoblin (D:1)
  4 jackals (D:1)
  A frilled lizard (D:1)
  3 kobolds (D:1)
16 creatures vanquished.

Notes
Turn   | Place    | Note
-------+----------+-------------------------------------------
     0 | D:1      | MTVSty1e the Gargoyle Monk began the quest for the Orb.
     0 | D:1      | Reached XP level 1. HP: 14/14 MP: 1/1
    99 | D:1      | Found an iron altar of Okawaru.
   107 | D:1      | Became a worshipper of Warmaster Okawaru
   107 | D:1      | Reached * piety under Okawaru
   107 | D:1      | Reached ** piety under Okawaru
   247 | D:1      | Reached XP level 2. HP: 19/19 MP: 2/2
   856 | D:1      | Slain by a worm

Skill      XL: |  1 |
---------------+----+-----
Axes           | 3 |  3.5
Fighting       | |  3.2
Dodging        | |  2.4
Stealth        | |  2.1

Action                   || total
-------------------------++-------
Melee: Hand axe          ||    14
       Spear             ||    52
  Use: Scroll            ||     3
       Potion            ||     1
 Stab: Sleeping          ||     1
Armor: Robe              ||     5
       Ring mail         ||    21
Dodge: Dodged            ||    54
